 Dungeon Crawl Stone Soup version 0.31.0-32-g396128a36d (webtiles) character file.

Game seed: 10892239331094894753

162829 Prival the Devastator (level 17, -22/108 HPs)
             Began as a Demonspawn Conjurer on Apr 13, 2024.
             Was an Initiate of Gozag.
             Incinerated by a sun moth (33 damage)
             ... with a flurry of pyrophoric scales
             ... on level 3 of the Spider Nest on Apr 14, 2024.
             The game lasted 02:32:42 (47603 turns).

Prival the Devastator (Demonspawn Conjurer)        Turns: 47603, Time: 02:32:43

Health: -22/108    AC:  6    Str:  9    XL:     17   Next: 22%
Magic:  0/34       EV: 12    Int: 25    God:    Gozag
Gold:   1987       SH:  0    Dex: 12    Spells: 11/43 levels left

rFire   . . .        c - staff of alchemy
rCold   + . .        (no shield)
rNeg    . . .        j - +2 robe {rC+}
rPois   +            (no helmet)
rElec   +            (cloak unavailable)
rCorr   .            a - +0 pair of gloves
SInv    .            Y - +2 pair of boots {Stlth+}
Will    ++...        A - amulet of magic regeneration
Stlth   ++           S - ring of poison resistance
HPRegen 0.38/turn    v - +4 ring of protection
MPRegen 0.88/turn

%: random rage (3%), guardian spirit
@: on fire, corroded, slowed, glowing, very slow
A: rugged brown scales 3, magic shield, magic regeneration, demonic willpower,
weakness stinger 3, hooves 1, camouflage 1, berserk 1, deformed body,
electricity resistance
a: Renounce Religion, Potion Petition, Call Merchant, Bribe Branch


You were on level 3 of the Spider Nest.
You worshipped Gozag.
Gozag was most pleased with you.
You visited 5 branches of the dungeon, and saw 27 of its levels.
You also visited: Bailey.

You collected 7262 gold pieces.
You spent 234 gold pieces at shops.
You paid 5041 gold pieces to Gozag.

Inventory:

Hand Weapons
 i - a +2 dagger of draining
Missiles
 r - 7 javelins
 z - 19 poisoned darts
 G - 4 darts of dispersal
 J - a curare-tipped dart
Armour
 a - a +0 pair of gloves (worn)
 j - a +2 robe of cold resistance (worn)
 Y - a +2 pair of boots of stealth (worn)
Magical Staves
 c - a staff of alchemy (weapon)
Jewellery
 g - a +5 ring of evasion
 v - a +4 ring of protection (right hand)
 A - an amulet of magic regeneration (around neck)
 S - a ring of poison resistance (left hand)
 U - the ring "Okluiz Yma" {Fly rC+}
   (You found it on level 10 of the Dungeon)

   [ring of flight]

   rC+:       It protects you from cold.
   Fly:       It grants you flight.
Wands
 e - a wand of digging (13)
 h - a wand of paralysis (19)
 t - a wand of mindburst (48)
 E - a wand of flame (30)
 H - a wand of iceblast (26) (quivered)
 I - a wand of polymorph (7)
 P - a wand of acid (18)
Scrolls
 f - 7 scrolls of vulnerability
 m - 2 scrolls of fear
 p - 3 scrolls of blinking
 s - 4 scrolls of enchant weapon
 u - 9 scrolls of amnesia
 w - 9 scrolls of teleportation
 x - 3 scrolls of noise
 y - 5 scrolls of torment
 B - 4 scrolls of revelation
 C - 2 scrolls of fog
 O - 4 scrolls of poison
 Q - a scroll of acquirement {unknown}
 R - 3 scrolls of immolation
 Z - 5 scrolls of enchant armour
Potions
 b - 4 potions of magic
 d - 2 potions of heal wounds
 k - 5 potions of lignification
 l - 10 potions of curing
 n - 4 potions of cancellation
 o - 5 potions of brilliance
 q - 3 potions of degeneration
 D - 5 potions of resistance
 F - 5 potions of attraction
 K - 2 potions of mutation
 L - a potion of invisibility
 M - 6 potions of might
 N - 12 potions of ambrosia
 T - 4 potions of haste
 W - 2 potions of berserk rage
Miscellaneous
 V - a sack of spiders
 X - a lightning rod (4/4)


   Skills:
 - Level 1.7 Dodging
 - Level 1.7 Stealth
 - Level 13.6 Spellcasting
 - Level 16.5 Conjurations
 - Level 14.3 Fire Magic
 + Level 12.6 Earth Magic
 - Level 12.0 Alchemy


You had 11 spell levels left.
You knew the following spells:

 Your Spells              Type           Power      Damage    Failure   Level
a - Magic Dart            Conj           100%       1d8       0%          1
b - Searing Ray           Conj           100%       2d8       0%          2
c - Fulminant Prism       Conj/Alch      46%        3d21      1%          4
d - Irradiate             Conj/Alch      46%        3d27      1%          5
e - Iskenderun's Mystic   Conj/Tloc      55%        2d12      1%          4
f - Eringya's Noxious Bo  Alch           43%        4d6       3%          6
g - Bombard               Conj/Erth      37%        9d6       1%          6
h - Olgreb's Toxic Radia  Alch           86%        N/A       1%          4

Your spell library contained the following spells:

 Spells                   Type           Power      Damage    Failure   Level
 Sting                    Conj/Alch      100%       1d9       0%          1
 Sandblast                Erth           100%       2d20      1%          1
 Mercury Vapours          Alch/Air       100%       N/A       1%          2
 Static Discharge         Conj/Air       100%       3-8/arc   1%          2
 Inner Flame              Hex/Fire       52%        N/A       1%          3
 Flame Wave               Conj/Fire      76%        2d17      1%          4
 Sticky Flame             Fire/Alch      90%        2d14      1%          4
 Slow                     Hex            68%        N/A       3%          1
 Lesser Beckoning         Tloc           34%        N/A       5%          2
 Call Canine Familiar     Summ           17%        N/A       11%         3
 Confusing Touch          Hex            17%        N/A       11%         3
 Gell's Gravitas          Tloc           17%        N/A       11%         3
 Sigil of Binding         Hex            17%        N/A       11%         3
 Teleport Other           Tloc           17%        N/A       11%         3
 Tukima's Dance           Hex            17%        N/A       11%         3
 Vampiric Draining        Necr           17%        2d7       11%         3
 Airstrike                Air            8%         2d(2-18)  34%         4
 Dimensional Bullseye     Hex/Tloc       8%         N/A       34%         4
 Summon Lightning Spire   Summ/Air       17%        N/A       34%         4
 Ignition                 Fire           36%        3d11      52%         8
 Summon Forest            Summ/Tloc      8%         N/A       67%         5
 Summon Mana Viper        Hex/Summ       17%        N/A       67%         5
 Summon Cactus Giant      Summ           8%         N/A       99%         6
 Summon Hydra             Summ           8%         N/A       100%        7


Dungeon Overview and Level Annotations

Branches:
Dungeon (15/15)            Temple (1/1) D:7            Lair (5/5) D:11
  Swamp (2/4) Lair:3       Spider (4/4) Lair:3        Slime (0/5) Lair:5
    Orc (0/2) D:9          Vaults (0/5) D:14         Depths (0/4) D:15
 Bailey (visited)

Altars:
Ashenzari
Cheibriados
Dithmenos
Fedhas
Gozag
Hepliaklqana
Kikubaaqudgha
Makhleb
Nemelex Xobeh
Okawaru
Qazlal
Ru
Sif Muna
Trog
Uskayaw
Vehumet
Wu Jian
Xom
Yredelemnul

Shops:
D:4 (   D:9 *   D:11 *:   Lair:2 [   Lair:3 *:

Annotations:
D:1 1 runed translucent door
D:3 Sigmund
D:8 1 runed translucent door, tizbic2's ghost, novice TeSu
Lair:4 2 transporters, gummybears's ghost, journeyman TrFi
Spider:1 3 runed translucent doors, SirLogeyBear's ghost, adept HOBe
Spider:2 1 runed translucent door, jkubb29's ghost, journeyman DsNe


Innate Abilities, Weirdness & Mutations

You are completely covered in rugged brown scales. (AC +3, +7% HP)
When hurt, damage is shared between your health and your magic reserves.
You regenerate magic rapidly.
You punish those that try to bend your will. (Will+)
You have a sharp stinger which inflicts weakening toxins.
You have large cloven feet.
Your skin changes colour to match your surroundings (Stealth+).
You sometimes lose your temper in combat.
Armour fits poorly on your strangely shaped body.
You are resistant to electric shocks. (rElec)


Message History

Aiming: Fulminant Prism (safe; 1% risk of failure)
Press: ? - help, Dir - move target You feel a surge of power!
You conjure a prism of explosive energy!
A fulminant prism comes into view.
The liquid fire burns you!
A wolf spider comes into view.
The jumping spider pounces on your fulminant prism!
Your fulminant prism explodes!
The blast of energy engulfs the jumping spider!
The jumping spider is heavily wounded.
The blast of energy engulfs the sun moth!
The sun moth is moderately wounded.
The demonic crawler closely misses you. The demonic crawler hits you!
The demonic crawler hits you. x2
The demonic crawler hits you but does no damage. x2
Unknown command.
The liquid fire burns you!
The entropy weaver casts a spell at you.
The entropic weave corrodes you! The sun moth bites you!
* * * LOW HITPOINT WARNING * * *
The demonic crawler misses you.
The demonic crawler completely misses you.
The demonic crawler barely misses you. The entropy weaver hits you.
* * * LOW HITPOINT WARNING * * *
The entropy weaver barely misses you. The entropy weaver hits you.
* * * LOW HITPOINT WARNING * * *
The entropy weaver completely misses you.
Your fulminant prism crackles loudly.
The sun moth bites you but does no damage.
The demonic crawler hits you.
* * * LOW HITPOINT WARNING * * *
The demonic crawler hits you!
* * * LOW HITPOINT WARNING * * *
The demonic crawler barely misses you.
You shake off some of the fire as you move.
You climb upwards.
The liquid fire burns you!
You die...
Your body crumbles into a pile of gold.

..^##...## #...####......##
.^..##..# ##..##..##..^...##
...###### #..##....#####...###
....## ###...#........##....##
.....#####....##.........##....#
..^#..#.#...###...####...####..##
#.##.......####...#..#..##......#
######.#.#####.B.....#..#......##
##### #...@....#.^#(...###
##.ys....#..##..##
#####.....#####...#
###.###.....#..#...##
##................###
#.........#...##...## #####
##.......##..###....#
#^..#####......^######....##
#^.....###.....## ###......#


You could see an entropy weaver, a sun moth and a demonic crawler.

Vanquished Creatures
  Arachne (Spider:1)
  Jorgrun (Spider:1)
  Asterion (Spider:1)
  Roxanne (D:15)
  A fenstrider witch (Swamp:2)
  A frost giant (D:11)
  An emperor scorpion (Spider:4)
  3 ghost moths
  2 broodmothers
  2 eleionomae (Swamp:1)
  Nessos (D:15)
  2 bunyips (Swamp:1)
  A spark wasp (Spider:4)
  An ettin (D:15)
  5 entropy weavers
  A fire dragon (Lair:5)
  Fannar (D:11)
  A rakshasa (D:13)
  4 hydras
  A jorogumo (Spider:1)
  4 boulder beetles
  An ogre mage (D:10)
  3 vault guards
  2 ghost crabs (Swamp:1)
  A catoblepas (D:12)
  4 centaur warriors
  2 alligators
  4 radroaches
  3 two-headed ogres (D:11)
  5 tengu warriors
  7 demonic crawlers
  5 death yaks (Lair:3)
  A hell hog (Lair:5)
  A hell knight (D:15)
  5 pharaoh ants
  Amaemon (Lair:2)
  2 skysharks (Lair:5)
  3 skeletal warriors (D:14)
  2 spriggan druids (Swamp:1)
  2 sun moths
  A glowing orange brain (D:14)
  7 orb spiders
  2 bog bodies (Swamp:1)
  Pikel (D:9)
  14 steelbarb worms
  A lindwurm (Lair:5)
  A deep elf pyromancer (D:13)
  16 wolf spiders
  An oklob plant (D:11)
  4 manticores
  19 ugly things
  Maurice (D:11)
  4 moths of wrath
  5 cyclopes
  14 meliai
  4 black mambas
  4 gargoyles
  12 torpor snails
  An orange demon (Lair:2)
  13 cane toads
  2 unseen horrors (D:11)
  A rime drake (shapeshifter) (D:15)
  A yaktaur (D:15)
  2 efreet (D:13)
  2 rime drakes (Lair:5)
  11 komodo dragons
  A tengu conjurer (D:15)
  A queen bee (Spider:2)
  8 trolls
  12 tyrant leeches
  A polar bear (shapeshifter) (D:14)
  Prince Ribbit (Bailey)
  10 tarantellas
  11 hornets
  13 polar bears
  2 raiju (Lair:5)
  A raiju (shapeshifter) (D:14)
  17 blink frogs
  9 dream sheep (Lair:5)
  A centaur simulacrum (D:10)
  24 jumping spiders
  2 wraiths
  6 water elementals (D:14)
  A wyvern (D:8)
  8 slime creatures
  3 spriggans (Swamp:1)
  19 culicivoras
  33 yaks
  36 redbacks
  5 humans (Bailey)
  5 steam dragons
  4 wargs (Lair:5)
  5 vampire mosquitoes (Swamp:1)
  2 basilisks
  An acid dragon (D:12)
  7 swamp worms (Swamp:1)
  Edmund (D:5)
  15 hell hounds (Lair:5)
  6 water moccasins
  2 ice beasts
  A sky beast (D:6)
  8 orc warriors
  15 black bears
  A swamp drake (Lair:3)
  3 ogres
  23 wolves
  9 centaurs
  A phantom (D:4)
  3 lemures (D:9)
  A kobold brigand (D:9)
  2 gnoll sergeants
  19 bullfrogs
  2 scorpions (D:6)
  22 wights
  23 killer bees
  8 howler monkeys
  A bombardier beetle (D:5)
  14 electric eels
  4 hounds
  A gnoll bouda (Lair:5)
  12 orc priests
  2 jellies
  Jessica (D:2)
  8 iguanas
  12 orc wizards
  A sleepcap (D:6)
  5 hell rats (Lair:2)
  17 gnolls
  8 adders
  A white imp (D:7)
  3 dart slugs
  49 orcs
  4 bats
  7 endoplasms
  7 giant cockroaches
  11 goblins
  7 hobgoblins
  10 jackals
  7 quokkas
  8 ball pythons
  5 frilled lizards
  11 kobolds
  5 rats
  3 fulminant prisms
872 creatures vanquished.

Vanquished Creatures (others)
  A tyrant leech (Swamp:1)
  A spriggan (Swamp:1)
  922 fulminant prisms
924 creatures vanquished.

Grand Total: 1796 creatures vanquished

Notes
Turn   | Place    | Note
-------+----------+-------------------------------------------
     0 | D:1      | Prival the Demonspawn Conjurer began the quest for the Orb.
     0 | D:1      | Reached XP level 1. HP: 13/13 MP: 3/3
     4 | D:1      | Found a runed translucent door.
   279 | D:1      | Gained mutation: You regenerate magic rapidly. [demonic
                  | ancestry]
   279 | D:1      | Reached XP level 2. HP: 19/19 MP: 3/5
   559 | D:1      | Found a faded altar of an unknown god.
  1066 | D:1      | Learned a level 2 spell: Searing Ray
  1149 | D:2      | Reached XP level 3. HP: 24/24 MP: 4/7
  1328 | D:2      | Gained mutation: You have a small tail. [demonic ancestry]
  1328 | D:2      | Reached XP level 4. HP: 30/30 MP: 5/8
  1365 | D:2      | Noticed Jessica
  1376 | D:2      | Killed Jessica
  1377 | D:2      | Reached skill level 5 in Conjurations
  1852 | D:2      | Reached XP level 5. HP: 35/35 MP: 4/10
  2789 | D:3      | Found a shimmering altar of Xom.
  2900 | D:3      | Noticed Sigmund
  3421 | D:4      | Found a shadowy altar of Dithmenos.
  3511 | D:4      | Reached XP level 6. HP: 41/41 MP: 2/12
  3555 | D:4      | Reached skill level 6 in Conjurations
  3610 | D:4      | Found Ofahaus's Weapon Shop.
  3739 | D:4      | Reached skill level 5 in Spellcasting
  3877 | D:4      | Gained mutation: You have a tail ending in a sharp stinger.
                  | [demonic ancestry]
  3877 | D:4      | Reached XP level 7. HP: 46/46 MP: 8/15
  4005 | D:5      | Entered Level 5 of the Dungeon
  4010 | D:5      | Reached skill level 7 in Conjurations
  4065 | D:5      | Noticed Edmund
  4249 | D:5      | Killed Edmund
  4601 | D:5      | Reached XP level 8. HP: 45/52 MP: 3/17
  4762 | D:5      | Reached skill level 8 in Conjurations
  5646 | D:6      | Reached skill level 9 in Conjurations
  5982 | D:6      | Found a basalt altar of Yredelemnul.
  6024 | D:6      | Gained mutation: You have a sharp stinger which inflicts
                  | weakening toxins. [demonic ancestry]
  6024 | D:6      | Reached XP level 9. HP: 57/57 MP: 15/21
  6043 | D:6      | Found a bloodstained altar of Trog.
  6161 | D:6      | Learned a level 4 spell: Fulminant Prism
  6191 | D:6      | Reached skill level 1 in Alchemy
  6733 | D:7      | Found a staircase to the Ecumenical Temple.
  6746 | Temple   | Entered the Ecumenical Temple
  6827 | D:7      | Noticed a troll
  6835 | D:7      | Killed a troll
  7075 | D:7      | Found a stormy altar of Qazlal.
  7731 | D:8      | Reached skill level 5 in Alchemy
  7937 | D:8      | Gained mutation: When hurt, damage is shared between your
                  | health and your magic reserves. [demonic ancestry]
  7937 | D:8      | Reached XP level 10. HP: 63/63 MP: 18/23
  8027 | D:8      | Identified the +7 spear of Weirr {spect, Int+2 Dex+3}
  8028 | D:8      | Found a runed translucent door.
  8031 | D:8      | Noticed tizbic2's ghost (novice TeSu)
  8045 | D:8      | Found a blossoming altar of Fedhas.
  8304 | D:9      | Found a flagged portal.
  8317 | D:9      | Reached skill level 10 in Spellcasting
  8330 | Bailey   | Entered a bailey
  8555 | Bailey   | Noticed a vault guard
  8557 | Bailey   | Noticed Prince Ribbit
  8561 | Bailey   | Killed Prince Ribbit
  8586 | Bailey   | Killed a vault guard
  8707 | Bailey   | Noticed a vault guard
  8716 | Bailey   | Killed a vault guard
  8904 | D:9      | Found Kastech's General Store.
  9026 | D:9      | Noticed Pikel
  9032 | D:9      | Killed Pikel
  9033 | D:9      | Reached XP level 11. HP: 52/68 MP: 13/26
  9671 | D:9      | Found an opulent altar of Gozag.
  9671 | D:9      | Found a sparkling altar of Nemelex Xobeh.
  9677 | D:9      | Became a worshipper of Gozag Ym Sagoz the Greedy
  9752 | D:9      | Learned a level 5 spell: Irradiate
  9759 | D:9      | Found an iron altar of Okawaru.
  9897 | D:9      | Found a staircase to the Orcish Mines.
 10336 | D:10     | Entered Level 10 of the Dungeon
 10435 | D:10     | Noticed an ogre mage
 10446 | D:10     | Killed an ogre mage
 10923 | D:10     | Reached skill level 10 in Conjurations
 10932 | D:10     | Learned a level 4 spell: Iskenderun's Mystic Blast
 10950 | D:10     | Identified the ring "Okluiz Yma" {Fly rC+}
 11585 | D:11     | Noticed a two-headed ogre
 11598 | D:11     | Killed a two-headed ogre
 11603 | D:11     | Noticed Maurice
 11638 | D:11     | Killed Maurice
 11734 | D:11     | Noticed a two-headed ogre
 11746 | D:11     | Killed a two-headed ogre
 11747 | D:11     | Reached skill level 10 in Alchemy
 12103 | D:11     | Noticed a two-headed ogre
 12112 | D:11     | Killed a two-headed ogre
 12188 | D:11     | Noticed a frost giant
 12267 | D:11     | Gained mutation: You are partially covered in rugged brown
                  | scales. (AC +1, +3% HP) [demonic ancestry]
 12267 | D:11     | Reached XP level 12. HP: 44/76 MP: 18/28
 12287 | D:11     | Reached skill level 11 in Conjurations
 12535 | D:11     | Noticed Fannar
 12549 | D:11     | Killed Fannar
 13044 | D:11     | Found a staircase to the Lair.
 13364 | D:11     | Killed a frost giant
 14088 | Lair:1   | Entered Level 1 of the Lair of Beasts
 14112 | Lair:1   | Noticed a seven-headed hydra
 14149 | Lair:1   | Killed a seven-headed hydra
 14629 | Lair:1   | Reached skill level 12 in Conjurations
 15241 | Lair:2   | Noticed Amaemon
 15270 | Lair:2   | Killed Amaemon
 15478 | Lair:2   | Gained mutation: You are mostly covered in rugged brown
                  | scales. (AC +2, +5% HP) [demonic ancestry]
 15478 | Lair:2   | Reached XP level 13. HP: 62/82 MP: 21/30
 15676 | Lair:2   | Reached skill level 1 in Fire Magic
 16836 | Lair:3   | Found a hole to the Spider Nest.
 16977 | Lair:3   | Reached skill level 5 in Fire Magic
 17259 | Lair:3   | Found a staircase to the Swamp.
 18624 | Lair:4   | Found a bloodstained altar of Trog.
 18634 | Lair:4   | Noticed gummybears's ghost (journeyman TrFi)
 18776 | Lair:4   | Found a transporter.
 18781 | Lair:4   | Found a transporter.
 19211 | Lair:5   | Entered Level 5 of the Lair of Beasts
 20195 | Lair:5   | Reached skill level 10 in Fire Magic
 20210 | Lair:5   | Gained mutation: You are completely covered in rugged brown
                  | scales. (AC +3, +7% HP) [demonic ancestry]
 20210 | Lair:5   | Reached XP level 14. HP: 62/90 MP: 19/31
 21108 | Lair:5   | Found a staircase to the Slime Pits.
 21131 | Lair:5   | Reached skill level 13 in Conjurations
 22521 | Lair:5   | Identified the +0 kite shield "Ilen" {Int+7}
 23238 | D:12     | Learned a level 6 spell: Eringya's Noxious Bog
 23530 | D:12     | Reached skill level 14 in Conjurations
 25724 | D:14     | Gained mutation: You punish those that try to bend your
                  | will. (Will+) [demonic ancestry]
 25724 | D:14     | Reached XP level 15. HP: 96/96 MP: 16/32
 26275 | D:14     | Found a blossoming altar of Fedhas.
 26286 | D:14     | Reached skill level 15 in Conjurations
 26725 | D:14     | Found a gate to the Vaults.
 27046 | D:14     | You fall into a shaft and drop 1 floor!
 27046 | D:15     | Entered Level 15 of the Dungeon
 27269 | D:15     | Noticed Nessos
 27294 | D:15     | Killed Nessos
 27799 | D:15     | Found a staircase to the Depths.
 28861 | D:15     | Noticed Roxanne
 28899 | D:15     | Killed Roxanne
 29414 | Swamp:1  | Entered Level 1 of the Swamp
 29452 | Swamp:1  | Reached skill level 16 in Conjurations
 29454 | Swamp:1  | Gained mutation: You occasionally lose the ability to read
                  | scrolls when taking damage. [mutagenic glow]
 29463 | Swamp:1  | Gained mutation: You sometimes lose your temper in combat.
                  | [mutagenic glow]
 29480 | Lair:3   | Gained mutation: You have large cloven feet. [mutagenic
                  | glow]
 30394 | Swamp:1  | Gained mutation: Your magical capacity is low. (-10% MP)
                  | [mutagenic glow]
 30423 | Lair:3   | Gained mutation: Your skin changes colour to match your
                  | surroundings (Stealth+). [mutagenic glow]
 30433 | Lair:3   | Gained mutation: You have an uncontrollable temper.
                  | [mutagenic glow]
 31023 | Lair:3   | Lost mutation: Your magical capacity is low. (-10% MP)
                  | [potion of mutation]
 31023 | Lair:3   | Lost mutation: You occasionally lose the ability to read
                  | scrolls when taking damage. [potion of mutation]
 31023 | Lair:3   | Lost mutation: You have an uncontrollable temper. [potion
                  | of mutation]
 31023 | Lair:3   | Gained mutation: Armour fits poorly on your strangely
                  | shaped body. [potion of mutation]
 31023 | Lair:3   | Gained mutation: You are resistant to electric shocks.
                  | (rElec) [potion of mutation]
 31943 | Swamp:2  | Noticed a fenstrider witch
 31954 | Swamp:2  | Killed a fenstrider witch
 32193 | Lair:3   | Bought the Handbook of Geomancy for 234 gold pieces
 32200 | Lair:3   | Learned a level 6 spell: Bombard
 32380 | Spider:1 | Entered Level 1 of the Spider Nest
 32384 | Spider:1 | Noticed SirLogeyBear's ghost (adept HOBe)
 32430 | Spider:1 | Reached skill level 1 in Earth Magic
 32451 | Spider:1 | Found a runed translucent gate.
 32451 | Spider:1 | Found a runed translucent gate.
 32460 | Spider:1 | Found a runed translucent gate.
 32480 | Spider:1 | Noticed Asterion
 32496 | Spider:1 | Killed Asterion
 32497 | Spider:1 | Reached XP level 16. HP: 42/102 MP: 4/33
 33322 | Spider:1 | Reached skill level 5 in Earth Magic
 35971 | Spider:2 | Noticed Arachne
 35972 | Spider:2 | Noticed Jorgrun
 36564 | Spider:1 | Killed Arachne
 39680 | Spider:1 | Killed Jorgrun
 41410 | Spider:2 | Noticed jkubb29's ghost (journeyman DsNe)
 42664 | Spider:2 | Reached skill level 10 in Earth Magic
 43142 | Spider:2 | Found a runed translucent door.
 43750 | Spider:2 | Learned a level 4 spell: Olgreb's Toxic Radiance
 45747 | Spider:3 | Identified the +3 buckler "Woubbipt" {Str+4}
 45957 | Spider:4 | Entered Level 4 of the Spider Nest
 46159 | Spider:4 | Reached XP level 17. HP: 108/108 MP: 25/34
 47603 | Spider:3 | Incinerated by a sun moth

Illustrated notes

Levels and vault maps discovered:
D:1:      dpeg_arrival_caged_fury, layout_basic,
          shapermc_ecumenical_altar_acropolis
D:2:      minmay_diamond_boxcup, layout_basic, kennysheep_generic_room_8,
          uniq_jessica
D:3:      layout_basic, xom_teletrap_fun, grunt_ministairs_15,
          minmay_diced_spiral, uniq_sigmund
D:4:      layout_basic, kennysheep_mini_moat, serial_shops,
          nicolae_stop_n_shop_1
D:5:      layout_basic, hangedman_decor_points, kennysheep_another_room,
          uniq_edmund
D:6:      layout_basic, kennysheep_ying_yang, mainiacjoe_overflow_cross_hatched
D:7:      layout_loops_ring, mainiacjoe_overflow_paths, temple_green
D:8:      layout_loops_ring, mainiacjoe_overflow_tiny_flanked,
          ebering_ghost_funeral_grove
D:9:      layout_basic, mainiacjoe_overflow_alcove_1,
          grunt_temple_overflow_opulence, erik_orc_2, serial_shops, shop,
          enter_bailey_5, minmay_orc_keep, uniq_pikel
D:10:     minmay_wavy_crystal, layout_irregular_city, lemuel_round_altar,
          hangedman_abyss_or_decor_stabs
D:11:     nzn_winding_woodlands_cross [nzn_winding_woodlands_5x15_lazy_stream,
          nzn_winding_woodlands_5x15_split_checker,
          nzn_winding_woodlands_5x15_concentric,
          nzn_winding_woodlands_5x15_jagged,
          nzn_winding_woodlands_15x15_eel_pit], layout_basic, dpeg_oklobed_lair,
          uniq_fannar, uniq_maurice
D:12:     layout_irregular_city
D:13:     layout_roguey
D:14:     layout_basic, hellmonk_vaults_order_and_chaos, fedhas_altar_2
D:15:     hangedman_depths_entry_civil_slaughter, layout_cave_pods, hex_medium,
          uniq_nessos, uniq_roxanne
Temple:   nicolae_temple_ecumenical_triangle
Lair:1:   layout_big_grid, pdpol_lair_cavern_descent
Lair:2:   layout_roguey, grunt_megastairs_3, serial_bayou_shore_a, uniq_amaemon
Lair:3:   layout_cave_pods, mainiacjoe_swamp_entry_lozenge_pond,
          hellmonk_spider_entry_life_and_decay, serial_bayou_pond_b,
          beast_lair_carwin_5
Lair:4:   layout_layer_cave, gammafunk_ghost_wrathful_warriors,
          serial_bayou_shore_b, grunt_megastairs_2
Lair:5:   hangedman_lair_caniforms_friends, layout_cave_shapes, wormcave,
          minmay_slime_entry_pillars, chequers_serial_rivers_large_a,
          dreamdust_gnoll_shepherd
Swamp:1:  layout_falls_marsh, evilmike_swamp_ruin_house_5, swamp_pool_1_2,
          nicolae_swamp_vermiculated
Swamp:2:  tekkud_swamp_unearthing_site, layout_falls_marsh,
          evilmike_swamp_ruin_wall, evilmike_swamp_ruin_house_1, swamp_pool_1_2,
          nicolae_swamp_snake_nest
Spider:1: layout_chambers, gammafunk_ghost_split, nicolae_spider_jagged_tunnels,
          uniq_asterion
Spider:2: nicolae_spider_broodchamber, hellmonk_ghost_happy_afterlife,
          special_room [special_room_bee], uniq_jorgrun, uniq_arachne
Spider:3: layout_spider_delve, hangedman_spider_tarantella_strand
Spider:4: hellmonk_spider_rune_bug_friends

Skill      XL: |  1  2  3  4  5  6  7  8  9 10 11 12 13 14 15 16 17 |
---------------+----------------------------------------------------+-----
Spellcasting   | 3 4 5 6 8 9 11 12 13 | 13.6
Conjurations   | 5 6 7 9 10 12 14 16 | 16.5
Alchemy        | 5 8 10 12 | 12.0
Fire Magic     | 10 12 14 | 14.3
Earth Magic    | 2 11 12 | 12.6
Dodging        | |  1.7
Stealth        | |  1.7

Action                     |  1- 3 |  4- 6 |  7- 9 | 10-12 | 13-15 | 16-18 || total
---------------------------+-------+-------+-------+-------+-------+-------++-------
  Melee: Unarmed           |    10 |       |       |       |       |       ||    10
         Dagger            |       |       |    11 |     8 |       |       ||    19
         Tailslap          |       |       |     2 |     1 |    12 |     1 ||    16
         Staff             |       |       |       |       |    52 |    10 ||    62
         Punch             |       |       |       |       |     1 |       ||     1
  Throw: Dart              |       |       |       |     1 |       |       ||     1
         Javelin           |       |       |       |       |     1 |       ||     1
   Cast: Magic Dart        |    52 |    83 |    84 |    38 |     6 |     1 ||   264
         Searing Ray       |     3 |    22 |    67 |    35 |    12 |       ||   139
         Fulminant Prism   |       |       |    25 |   234 |   490 |   182 ||   931
         Irradiate         |       |       |       |    17 |    86 |    77 ||   180
         Iskenderun's Myst |       |       |       |     1 |       |     1 ||     2
         Eringya's Noxious |       |       |       |       |    11 |     6 ||    17
         Bombard           |       |       |       |       |     4 |    34 ||    38
         Olgreb's Toxic Ra |       |       |       |       |       |     5 ||     5
 Invoke: Call Merchant     |       |       |       |       |     5 |       ||     5
         Potion Petition   |       |       |       |       |     1 |     1 ||     2
  Evoke: Wand              |       |       |     1 |       |    14 |     9 ||    24
    Use: Scroll            |       |       |     7 |     5 |    10 |     9 ||    31
         Potion            |       |       |     1 |     1 |     2 |     2 ||     6
   Stab: Paralysed         |       |       |       |       |     7 |       ||     7
         Distracted        |       |       |       |       |       |     2 ||     2
 Armour: Robe              |     9 |    10 |    59 |   124 |   196 |   430 ||   828
  Dodge: Dodged            |    12 |    12 |    70 |    89 |   150 |   224 ||   557
